 Dungeon Crawl Stone Soup version 0.27.1-4-g1640c2035a (webtiles) character file.

Game seed: 13696041790743049678

41681 MisterFreud the Nimble (level 14, -9/108 HPs)
             Began as a Gnoll Wanderer on Nov 6, 2021.
             Was an Elder of Vehumet.
             Mangled by a +9 long sword (19 damage)
             ... on level 13 of the Dungeon.
             The game lasted 00:54:16 (23013 turns).

MisterFreud the Nimble (Gnoll Wanderer)            Turns: 23013, Time: 00:54:17

Health: -9/108     AC: 12    Str: 17    XL:     14   Next: 16%
Magic:  4/28       EV: 20    Int: 18    God:    Vehumet [****..]
Gold:   992        SH:  5    Dex: 11    Spells: 8/33 levels left

rFire    . . .     SeeInvis +   b - +0 dagger (elec)
rCold    . . .     Faith    .   (no shield)
rNeg     + . .     Spirit   .   H - +2 robe {Will+}
rPois    .         Reflect  +   (no helmet)
rElec    .         Harm     .   g - +0 cloak
rCorr    .         Rampage  .   n - +1 pair of gloves
Will     ++++.                  L - +2 pair of boots
Stlth    ++++......             y - amulet of reflection
HPRegen  0.28/turn              h - ring "Eju Ycw" {Drain rN+ Will++ EV+4 SInv}
MPRegen  0.21/turn              E - +6 ring of strength

@: studying Dodging
A: fangs 1, strong nose, distributed training
a: Renounce Religion


You were on level 13 of the Dungeon.
You worshipped Vehumet.
Vehumet was greatly pleased with you.
You visited 2 branches of the dungeon, and saw 19 of its levels.

You collected 1186 gold pieces.
You spent 194 gold pieces at shops.

Inventory:

Hand Weapons
 a - the +10 longbow of the Spheres {flame, rF+}
   (You acquired it on level 12 of the Dungeon)

   Any ammunition fired from it burns those it strikes, dealing additional fire
   damage.
   rF:        It protects you from fire.
 b - a +0 dagger of electrocution (weapon)
 X - the +4 longbow of Conflict {venom, rPois rF- rN+ Dex+3}
   (You acquired it on level 6 of the Dungeon)

   Any ammunition fired from it poisons the flesh of those it strikes.
   Dex:       It affects your dexterity (+3).
   rF:        It makes you vulnerable to fire.
   rPois:     It protects you from poison.
   rN:        It protects you from negative energy.
Missiles
 d - 375 stones (quivered)
 e - 157 arrows
 l - 25 boomerangs
 q - 55 poisoned darts
 s - a throwing net
 B - 16 curare-tipped darts
Armour
 g - a +0 cloak (worn)
 n - a +1 pair of gloves (worn)
 H - a +2 robe of willpower (worn)
 L - a +2 pair of boots (worn)
Jewellery
 c - an amulet of magic regeneration
 h - the ring "Eju Ycw" (left hand) {Drain rN+ Will++ EV+4 SInv}
   (You found it on level 6 of the Dungeon)

   [ring of evasion]

   EV:        It affects your evasion (+4).
   rN:        It protects you from negative energy.
   SInv:      It lets you see invisible.
   Drain:     It drains your maximum health when unequipped.
   Will:      It greatly increases your willpower.
 v - an amulet of guardian spirit
 y - an amulet of reflection (around neck)
 z - a ring of fire
 E - a +6 ring of strength (right hand)
 T - an amulet of the acrobat
 V - a ring of willpower
 Z - a ring of poison resistance
Wands
 f - a wand of iceblast (26)
 u - a wand of polymorph (20)
 D - a wand of charming (12)
 F - a wand of flame (26)
 N - a wand of digging (7)
 S - a wand of acid (6)
 Y - a wand of paralysis (12)
Scrolls
 j - 2 scrolls of enchant weapon
 k - 2 scrolls of magic mapping
 w - 8 scrolls of teleportation
 K - 4 scrolls of amnesia
 M - 5 scrolls of identify
 O - a scroll of summoning
 R - a scroll of enchant armour
 U - a scroll of blinking
Potions
 i - 3 potions of flight
 m - 2 potions of haste
 o - 6 potions of curing
 p - 2 potions of degeneration
 r - a potion of might
 t - 2 potions of magic
 x - a potion of cancellation
 A - 8 potions of attraction
 C - 2 potions of berserk rage
 G - a potion of mutation
 I - 2 potions of resistance
 J - 2 potions of heal wounds
 P - a potion of lignification
 W - 7 potions of ambrosia
Miscellaneous
 Q - a condenser vane (inert)


   Skills:
 + Level 9.4 Fighting
 + Level 9.0 Short Blades
 + Level 9.0 Long Blades
 + Level 9.0 Axes
 + Level 9.0 Maces & Flails
 + Level 9.0 Polearms
 + Level 9.0 Staves
 + Level 9.0 Slings
 + Level 10.1 Bows
 + Level 9.0 Crossbows
 + Level 9.4 Throwing
 + Level 9.0 Armour
 + Level 11.3 Dodging
 + Level 9.3 Stealth
 + Level 9.0 Shields
 + Level 9.0 Unarmed Combat
 + Level 10.2 Spellcasting
 + Level 7.5 Conjurations
 + Level 7.8 Hexes
 + Level 7.5 Summonings
 + Level 7.5 Necromancy
 + Level 7.5 Translocations
 + Level 7.5 Transmutations
 + Level 7.5 Fire Magic
 + Level 7.5 Ice Magic
 + Level 7.5 Air Magic
 + Level 8.5 Earth Magic
 + Level 7.5 Poison Magic
 + Level 9.8 Invocations
 + Level 9.0 Evocations


You had 8 spell levels left.
You knew the following spells:

 Your Spells              Type           Power      Damage    Failure   Level
a - Sandblast             Erth           78%        2d17      1%          1
b - Ensorcelled Hibernat  Hex/Ice        72%        N/A       1%          2
c - Tukima's Dance        Hex            37%        N/A       1%          3
d - Shock                 Conj/Air       100%       1d9       1%          1
e - Mephitic Cloud        Conj/Pois/Air  36%        N/A       1%          3
f - Hailstorm             Conj/Ice       36%        3d9       1%          4
g - Lee's Rapid Deconstr  Erth           19%        3d12*     1%          5
h - Iron Shot             Conj/Erth      19%        9d4       12%         6

Your spell library contained the following spells:

 Spells                   Type           Power      Damage    Failure   Level
 Corona                   Hex            41%        N/A       1%          1
 Corpse Rot               Necr/Air       N/A        N/A       1%          2
 Poisonous Vapours        Pois/Air       72%        N/A       1%          2
 Confusing Touch          Hex            37%        N/A       1%          3
 Dazzling Flash           Conj/Hex       72%        N/A       1%          3
 Ozocubu's Armour         Ice            36%        N/A       1%          3
 Stone Arrow              Conj/Erth      76%        3d11      1%          3
 Bolt of Magma            Conj/Fire/Erth 18%        4d10      2%          5
 Freezing Cloud           Conj/Ice/Air   18%        6-21      2%          5
 Passage of Golubria      Tloc           N/A        N/A       3%          4
 Metabolic Englaciation   Hex/Ice        18%        N/A       9%          5
 Silence                  Hex/Air        18%        N/A       9%          5
 Simulacrum               Ice/Necr       18%        N/A       50%         6
 Lehudib's Crystal Spear  Conj/Erth      19%        10d6      98%         8
 Shatter                  Erth           19%        3d18*     100%        9


Dungeon Overview and Level Annotations

Branches:
Dungeon (13/15)            Temple (0/1) D:5            Lair (6/6) D:11
 Shoals (0/4) Lair:3        Snake (0/4) Lair:4        Slime (0/5) Lair:5
    Orc (0/2) D:12
 Vaults: D:13-14

Altars:
Dithmenos
Gozag
Hepliaklqana
Ru
Vehumet
Xom
The Shining One

Shops:
D:8 [

Annotations:
D:7 2 runed translucent doors
D:9 1 runed translucent door, othur's ghost, journeyman FoFi
Lair:1 1 runed translucent door, YannSP's ghost, journeyman DgCj
Lair:5 exclusion: 2 oklob plants


Innate Abilities, Weirdness & Mutations

You have very sharp teeth.
Your uncanny sense of smell can sniff out nearby items.
Your experience applies equally to all skills.


Message History

Things that are here:
a +0 giant spiked club; a +0 giant spiked club You see here a +0 leather armour.
e - 107 arrows (gained 1)
Found a stone staircase leading down.
There is a stone staircase leading down here.
Found a quarterstaff.
You see here a +0 quarterstaff.
Found an escape hatch in the ceiling.
Found a stone staircase leading up.
Found 20 arrows.
Found a stone staircase leading down.
Found 24 arrows.
e - 127 arrows (gained 20)
A wraith comes into view.
You see here 24 arrows.
A wraith is nearby!
Aiming: Ensorcelled Hibernation (safe; 1% risk of failure)
Press: ? - help, Shift-Dir - straight line, f/p - manticore
Aim: a manticore (heavily wounded, chance to affect: 47%)
The manticore looks drowsy...
Unknown command.
The helpless manticore fails to defend itself.
You perforate the manticore like a sieve!!!
You kill the manticore!
Vehumet accepts your kill.
Casting: Ensorcelled Hibernation (safe; 1% risk of failure)
Confirm with . or Enter, or press ? or * to list all spells.
You don't have enough magic to cast this spell.
Unknown command.
Unknown command.
Casting: Ensorcelled Hibernation (safe; 1% risk of failure)
Confirm with . or Enter, or press ? or * to list all spells.
Okay, then.
Unknown command.
You hit the +9 long sword but do no damage.
Your bite misses the +9 long sword. The +9 long sword hits you!
* * * LOW HITPOINT WARNING * * *
You barely miss the +9 long sword. The +9 long sword hits you!!
You die...

#.# #.# #.#
#.# #.# #.#
#.# #.####
#.@(.#
####)# ((.#
......
.[...#.#
..(.......
..(....#.#.#
∆......(.#.
.#


You could see a +9 long sword.

Vanquished Creatures
  4 hydras
  3 boulder beetles
  A centaur warrior (D:13)
  A two-headed ogre (D:11)
  A dancing weapon (D:13)
  3 ugly things
  4 cyclopes
  5 elephants (Lair:3)
  3 manticores
  3 black mambas
  4 rime drakes
  6 cane toads
  7 komodo dragons
  3 meliai (Lair:5)
  A queen bee (Lair:5)
  3 trolls
  2 polar bears
  6 slime creatures
  12 blink frogs
  7 dream sheep
  Sigmund (D:3)
  7 wraiths
  3 wyverns
  21 yaks
  4 basilisks
  7 vampire mosquitoes
  3 acid dragons
  2 nagas (Lair:4)
  16 water moccasins
  3 orc warriors
  3 necrophages
  3 sky beasts
  2 black bears
  An ice beast (D:5)
  2 centaurs
  22 wolves
  2 ogres
  3 kobold brigands
  16 bullfrogs
  A gnoll sergeant (D:7)
  A scorpion (D:7)
  A water moccasin skeleton (D:5)
  27 killer bees
  14 howler monkeys
  A hound (D:4)
  4 centaur zombies
  A centaur skeleton (D:6)
  5 orc priests
  A bullfrog skeleton (D:7)
  A jelly (D:5)
  5 iguanas
  A scorpion zombie (D:5)
  10 orc wizards
  4 hell rats (Lair:4)
  A killer bee zombie (D:6)
  3 hound skeletons
  6 gnolls
  8 adders
  12 white imps (D:13)
  An ufetubus (D:6)
  An adder skeleton (D:5)
  3 worms
  4 dart slugs
  28 orcs
  4 bats
  7 endoplasms
  4 giant cockroaches
  2 goblins (D:2)
  10 hobgoblins
  3 jackals (D:2)
  21 kobolds
  A quokka (D:2)
  8 ball pythons
  11 frilled lizards
  6 rats
421 creatures vanquished.

Vanquished Creatures (collateral kills)
  Josephine (D:12)
  2 two-headed ogres
  2 gnolls (D:5)
5 creatures vanquished.

Vanquished Creatures (others)
  Eustachio (D:4)
  2 dancing weapons (D:5)
  3 hounds (D:5)
  2 orcs (D:5)
  31 fungi
  68 plants
107 creatures vanquished.

Grand Total: 533 creatures vanquished

Notes
Turn   | Place    | Note
-------+----------+-------------------------------------------
     0 | D:1      | MisterFreud the Gnoll Wanderer began the quest for the Orb.
     0 | D:1      | MisterFreud set off with the following items: a +0
                  | shortbow, 24 arrows, a +0 robe; and the following spells
                  | available to memorise: Sandblast, Corona, Ensorcelled
                  | Hibernation, Confusing Touch, Stone Arrow, Tukima's Dance,
                  | Dazzling Flash
     0 | D:1      | Reached XP level 1. HP: 17/17 MP: 6/6
   188 | D:1      | Reached XP level 2. HP: 23/23 MP: 7/7
   190 | D:1      | Learned a level 1 spell: Sandblast
   193 | D:1      | Learned a level 2 spell: Ensorcelled Hibernation
   692 | D:1      | Found a faded altar of an unknown god.
  1036 | D:2      | Reached skill level 5 in Spellcasting
  1036 | D:2      | Reached XP level 3. HP: 28/28 MP: 5/9
  1268 | D:2      | Reached skill level 1 in Invocations
  1502 | D:2      | Reached skill level 1 in Short Blades
  1502 | D:2      | Reached skill level 1 in Long Blades
  1502 | D:2      | Reached skill level 1 in Axes
  1502 | D:2      | Reached skill level 1 in Maces & Flails
  1502 | D:2      | Reached skill level 1 in Polearms
  1502 | D:2      | Reached skill level 1 in Staves
  1502 | D:2      | Reached skill level 1 in Slings
  1502 | D:2      | Reached skill level 1 in Crossbows
  1502 | D:2      | Reached skill level 1 in Armour
  1502 | D:2      | Reached skill level 1 in Dodging
  1502 | D:2      | Reached skill level 1 in Shields
  1502 | D:2      | Reached skill level 1 in Unarmed Combat
  1502 | D:2      | Reached skill level 1 in Evocations
  1513 | D:2      | Reached XP level 4. HP: 34/34 MP: 9/11
  2107 | D:2      | Reached skill level 1 in Conjurations
  2107 | D:2      | Reached skill level 1 in Summonings
  2107 | D:2      | Reached skill level 1 in Necromancy
  2107 | D:2      | Reached skill level 1 in Translocations
  2107 | D:2      | Reached skill level 1 in Transmutations
  2107 | D:2      | Reached skill level 1 in Fire Magic
  2107 | D:2      | Reached skill level 1 in Ice Magic
  2107 | D:2      | Reached skill level 1 in Air Magic
  2107 | D:2      | Reached skill level 1 in Poison Magic
  2434 | D:3      | Learned a level 3 spell: Tukima's Dance
  2672 | D:3      | Reached XP level 5. HP: 40/40 MP: 12/12
  2952 | D:3      | Noticed Sigmund
  2959 | D:3      | Killed Sigmund
  2960 | D:3      | Reached XP level 6. HP: 39/47 MP: 11/14
  3112 | D:4      | Reached skill level 5 in Bows
  3129 | D:4      | Reached skill level 2 in Dodging
  3207 | D:4      | Noticed Eustachio
  3226 | D:4      | Killed Eustachio
  3227 | D:4      | Reached XP level 7. HP: 52/52 MP: 10/15
  4123 | D:5      | Entered Level 5 of the Dungeon
  4201 | D:5      | Reached XP level 8. HP: 14/60 MP: 0/16
  4301 | D:5      | Reached skill level 3 in Dodging
  4512 | D:5      | Found a shimmering altar of Xom.
  5119 | D:5      | Found a staircase to the Ecumenical Temple.
  5686 | D:6      | Reached skill level 5 in Earth Magic
  5686 | D:6      | Reached XP level 9. HP: 48/66 MP: 5/18
  6077 | D:6      | Identified the ring "Eju Ycw" {Drain rN+ Will++ EV+4 SInv}
  6302 | D:6      | Identified a scroll of acquirement
  6302 | D:6      | Acquired the +4 longbow of Conflict {venom, rPois rF- rN+
                  | Dex+3}
  6416 | D:7      | Reached skill level 4 in Dodging
  6754 | D:7      | Reached skill level 5 in Fighting
  6754 | D:7      | Reached skill level 5 in Throwing
  7016 | D:7      | Found a large runed translucent door.
  7021 | D:7      | Found a large runed translucent door.
  7066 | D:7      | Reached skill level 5 in Stealth
  7085 | D:7      | Found a hazy altar of Hepliaklqana.
  7440 | D:1      | Became a worshipper of Vehumet
  7440 | D:1      | Reached * piety under Vehumet
  7440 | D:1      | Offered knowledge of Shock by Vehumet.
  7443 | D:1      | Learned a level 1 spell: Shock
  7787 | D:8      | Reached skill level 5 in Invocations
  7792 | D:8      | Identified the amulet of Gozag's Outrage {Acrobat Str+3
                  | Int+3 Slay-5}
  8055 | D:8      | Reached XP level 10. HP: 74/74 MP: 20/20
  8233 | D:8      | Found Neeh's Armour Shop.
  8242 | D:8      | Bought a +2 robe of willpower for 194 gold pieces
  8479 | D:9      | Found an opulent altar of Gozag.
  8575 | D:9      | Reached skill level 5 in Short Blades
  8575 | D:9      | Reached skill level 5 in Long Blades
  8575 | D:9      | Reached skill level 5 in Axes
  8575 | D:9      | Reached skill level 5 in Maces & Flails
  8575 | D:9      | Reached skill level 5 in Polearms
  8575 | D:9      | Reached skill level 5 in Staves
  8575 | D:9      | Reached skill level 5 in Slings
  8575 | D:9      | Reached skill level 5 in Crossbows
  8575 | D:9      | Reached skill level 5 in Armour
  8575 | D:9      | Reached skill level 5 in Dodging
  8575 | D:9      | Reached skill level 5 in Shields
  8575 | D:9      | Reached skill level 5 in Unarmed Combat
  8575 | D:9      | Reached skill level 5 in Evocations
  8602 | D:9      | Offered knowledge of Foxfire by Vehumet.
  8744 | D:9      | Reached ** piety under Vehumet
  8877 | D:9      | Found a runed translucent door.
  8881 | D:9      | Noticed othur's ghost (journeyman FoFi)
  8912 | D:9      | Noticed a cyclops
  8919 | D:9      | Killed a cyclops
  9214 | D:9      | Noticed a two-headed ogre
  9235 | D:9      | Killed a two-headed ogre
  9236 | D:9      | Reached skill level 5 in Hexes
  9936 | D:10     | Entered Level 10 of the Dungeon
 10250 | D:10     | Reached skill level 6 in Dodging
 10304 | D:10     | Found a sacrificial altar of Ru.
 10329 | D:10     | Found a radiant altar of Vehumet.
 10361 | D:10     | Noticed a two-headed ogre
 10373 | D:10     | Killed a two-headed ogre
 10601 | D:10     | Reached XP level 11. HP: 83/83 MP: 22/22
 10779 | D:10     | Found a glowing golden altar of the Shining One.
 10932 | D:11     | Noticed a cyclops
 10944 | D:11     | Killed a cyclops
 10945 | D:11     | Reached skill level 5 in Conjurations
 10945 | D:11     | Reached skill level 5 in Summonings
 10945 | D:11     | Reached skill level 5 in Necromancy
 10945 | D:11     | Reached skill level 5 in Translocations
 10945 | D:11     | Reached skill level 5 in Transmutations
 10945 | D:11     | Reached skill level 5 in Fire Magic
 10945 | D:11     | Reached skill level 5 in Ice Magic
 10945 | D:11     | Reached skill level 5 in Air Magic
 10945 | D:11     | Reached skill level 5 in Poison Magic
 11412 | D:11     | Noticed a two-headed ogre
 11420 | D:11     | Killed a two-headed ogre
 11421 | D:11     | Reached skill level 7 in Dodging
 11456 | D:11     | Noticed a manticore
 11461 | D:11     | Killed a manticore
 11461 | D:11     | Offered knowledge of Mephitic Cloud by Vehumet.
 11468 | D:11     | Learned a level 3 spell: Mephitic Cloud
 11823 | D:11     | Found a shadowy altar of Dithmenos.
 11943 | D:11     | Found a staircase to the Lair.
 12396 | Lair:1   | Entered Level 1 of the Lair of Beasts
 12693 | Lair:1   | Found a runed translucent door.
 13360 | Lair:1   | Noticed YannSP's ghost (journeyman DgCj)
 13926 | Lair:2   | Reached *** piety under Vehumet
 13927 | Lair:2   | Reached skill level 8 in Dodging
 14439 | Lair:3   | Reached XP level 12. HP: 91/91 MP: 19/24
 14539 | Lair:3   | Offered knowledge of Hailstorm by Vehumet.
 14545 | Lair:3   | Learned a level 4 spell: Hailstorm
 14941 | Lair:3   | Found a staircase to the Shoals.
 15151 | Lair:3   | Reached **** piety under Vehumet
 15166 | Lair:3   | Reached skill level 9 in Dodging
 16266 | Lair:4   | Offered knowledge of Lee's Rapid Deconstruction by Vehumet.
 16279 | Lair:4   | Noticed a boulder beetle
 16292 | Lair:4   | Killed a boulder beetle
 16632 | Lair:4   | Identified the +1 cloak "Giexzaet" {rF+ Int-5 Dex+4}
 16805 | Lair:4   | Reached XP level 13. HP: 98/98 MP: 26/26
 16805 | Lair:4   | Found a staircase to the Snake Pit.
 17339 | Lair:5   | Reached skill level 10 in Dodging
 18897 | Lair:5   | Found a staircase to the Slime Pits.
 18945 | Lair:6   | Entered Level 6 of the Lair of Beasts
 19576 | Lair:5   | Learned a level 5 spell: Lee's Rapid Deconstruction
 20190 | Lair:6   | Reached ***** piety under Vehumet
 20599 | Lair:6   | Noticed an emperor scorpion
 20599 | Lair:6   | a five-headed hydra changed into an emperor scorpion
 20882 | D:12     | Offered knowledge of Iron Shot by Vehumet.
 20890 | D:12     | Learned a level 6 spell: Iron Shot
 20975 | D:12     | Found a staircase to the Orcish Mines.
 21092 | D:12     | Reached skill level 10 in Spellcasting
 21339 | D:12     | Acquired the +10 longbow of the Spheres {flame, rF+}
 21534 | D:12     | Reached skill level 11 in Dodging
 21618 | D:13     | Noticed Josephine
 21877 | D:12     | Killed Josephine
 22093 | D:12     | Reached XP level 14. HP: 36/108 MP: 28/28
 22671 | D:13     | Reached skill level 10 in Bows
 23013 | D:13     | Mangled by a +9 long sword

Illustrated notes

Levels and vault maps discovered:
D:1:      roderic_dead_forest, layout_basic, chequers_ecumenical_altar_grove,
          st_stairs_6, serial_bayou_pond_e, chequers_serial_rivers_micro_c,
          kennysheep_decorative_pillar, chequers_serial_rivers_micro_c
D:2:      minmay_razor_zed, layout_basic, minmay_lizard_king
D:3:      layout_basic, uniq_sigmund
D:4:      layout_basic, kennysheep_diamond, lemuel_old_faithful, uniq_eustachio
D:5:      layout_rooms, xom_confusion_cloud, minmay_temple_entry_fiery,
          serial_bayou, serial_bayou_ford_a, serial_bayou_pond_e,
          serial_bayou_pond_e, serial_bayou_shore_b
D:6:      layout_loops_ring, chequers_serial_rivers_micro_d
D:7:      layout_loops_cross, mainiacjoe_overflow_surrounded_room,
          jmf_multi_god_temple2
D:8:      layout_basic, serial_shops, nicolae_lakefront_shop, minmay_circle_x
D:9:      layout_long_grid, nicolae_gozag_seed_capital,
          ebering_ghost_reflecting_pool
D:10:     layout_rooms, nicolae_overflow_hidden_temple, marbit_many_paths
D:11:     layout_loops_corners, lair_entry_dummy,
          nicolae_dithmenos_through_a_glass_darkly
D:12:     layout_cave_pools, orc_0_dummy, st_stairs_7
D:13:     layout_basic, erik_vaults_1, portal_ice_cave_entry_imps,
          gauntlet_entry_generic, uniq_urug, uniq_josephine, uniq_snorg
Lair:1:   layout_cave_pods, ebering_ghost_reflecting_pool, minivault_23,
          serial_bayou_pond_c
Lair:2:   layout_hall_layers
Lair:3:   layout_chaotic_city, shoals_dummy_entry
Lair:4:   layout_cave_shapes, guppyfry_snake_entry_island,
          infiniplex_staircase_pool_2
Lair:5:   layout_cave_pods, minmay_slime_entry_oklob_open, special_room
          [special_room_bee], serial_bayou_shore_b
Lair:6:   guppyfry_lair_end_dragon, layout_hall_layers, wormcave

Skill      XL: |  1  2  3  4  5  6  7  8  9 10 11 12 13 14 |
---------------+-------------------------------------------+-----
Hexes          | 2 3 4 5 6 7 |  7.8
Spellcasting   | 5 6 7 8 9 10 | 10.2
Invocations    | 1 2 3 4 5 6 7 8 9 |  9.8
Short Blades   | 1 2 3 4 5 6 7 8 9 |  9.0
Long Blades    | 1 2 3 4 5 6 7 8 9 |  9.0
Axes           | 1 2 3 4 5 6 7 8 9 |  9.0
Maces & Flails | 1 2 3 4 5 6 7 8 9 |  9.0
Polearms       | 1 2 3 4 5 6 7 8 9 |  9.0
Staves         | 1 2 3 4 5 6 7 8 9 |  9.0
Slings         | 1 2 3 4 5 6 7 8 9 |  9.0
Crossbows      | 1 2 3 4 5 6 7 8 9 |  9.0
Armour         | 1 2 3 4 5 6 7 8 9 |  9.0
Dodging        | 1 2 3 4 6 8 9 11 | 11.3
Shields        | 1 2 3 4 5 6 7 8 9 |  9.0
Unarmed Combat | 1 2 3 4 5 6 7 8 9 |  9.0
Evocations     | 1 2 3 4 5 6 7 8 9 |  9.0
Conjurations   | 1 2 3 4 5 6 7 |  7.5
Summonings     | 1 2 3 4 5 6 7 |  7.5
Necromancy     | 1 2 3 4 5 6 7 |  7.5
Translocations | 1 2 3 4 5 6 7 |  7.5
Transmutations | 1 2 3 4 5 6 7 |  7.5
Fire Magic     | 1 2 3 4 5 6 7 |  7.5
Ice Magic      | 1 2 3 4 5 6 7 |  7.5
Air Magic      | 1 2 3 4 5 6 7 |  7.5
Poison Magic   | 1 2 3 4 5 6 7 |  7.5
Fighting       | 3 4 5 6 7 8 9 |  9.4
Throwing       | 3 4 5 6 7 8 9 |  9.4
Stealth        | 3 4 5 6 7 8 9 |  9.3
Earth Magic    | 4 5 6 7 8 |  8.5
Bows           | 5 6 7 8 9 10 | 10.1

Action                   |  1- 3 |  4- 6 |  7- 9 | 10-12 | 13-15 || total
-------------------------+-------+-------+-------+-------+-------++-------
Melee: Short sword       |       |       |    20 |       |       ||    20
       Bite              |       |       |     4 |    13 |    13 ||    30
       Dagger            |       |       |    28 |   207 |   148 ||   383
       Punch             |       |       |     1 |     2 |     4 ||     7
 Fire: Shortbow          |    53 |    73 |    79 |       |       ||   205
       Longbow           |       |       |    50 |   201 |   158 ||   409
 Cast: Sandblast         |    18 |    38 |   117 |     9 |       ||   182
       Tukima's Dance    |       |     1 |    13 |    17 |     1 ||    32
       Ensorcelled Hiber |       |       |    21 |   161 |    88 ||   270
       Shock             |       |       |     4 |       |       ||     4
       Iron Shot         |       |       |       |       |     3 ||     3
Evoke: Wand              |       |       |       |     2 |    10 ||    12
       Condenser vane    |       |       |       |       |     2 ||     2
  Use: Scroll            |       |       |    16 |     8 |     3 ||    27
       Potion            |       |       |       |       |     1 ||     1
 Stab: Sleeping          |       |       |    12 |    81 |    38 ||   131
       Distracted        |       |       |       |     1 |     1 ||     2
Armor: Robe              |     4 |     3 |    31 |    58 |    75 ||   171
Dodge: Dodged            |    11 |    10 |    76 |   262 |   265 ||   624
Block: Other             |       |       |    17 |    70 |    68 ||   155
       Reflection        |       |       |       |     4 |     1 ||     5
